 Dungeon Crawl Stone Soup version 0.23.0 (webtiles) character file.

Game seed: 439909298153628625

3089 Blackhawk the Cleaver (level 9, -8/82 HPs)
             Began as a Hill Orc Fighter on Feb 11, 2019.
             Was a Priest of Qazlal.
             Killed from afar by a ynoxinul (28 damage)
             ... with an iron shot
             ... on level 1 of the Abyss.
             The game lasted 00:14:45 (7130 turns).

Blackhawk the Cleaver (Hill Orc Fighter)            Turns: 7130, Time: 00:14:45

Health: -8/82      AC: 15    Str: 22    XL:     9   Next: 89%
Magic:  9/9        EV:  4    Int:  8    God:    Qazlal [***...]
Gold:   554        SH: 21    Dex: 10    Spells: 8/8 levels left

rFire    + . .     SeeInvis .   b - +1 hand axe (elec)
rCold    . . .     Gourm    .   m - +1 large shield
rNeg     . . .     Faith    .   H - +0 chain mail
rPois    .         Spirit   .   (no helmet)
rElec    .         Reflect  .   (no cloak)
rCorr    +         Harm     .   x - +2 pair of gloves
MR       .....     Rnd*Tele +   C - +0 pair of boots
Stlth    ..........             A - amulet of regeneration
HPRegen  0.63/turn              s - ring of resist corrosion
MPRegen  0.11/turn              D - ring of protection from fire

@: about to teleport
A: [teleportitis 2]
a: Upheaval, Elemental Force, Renounce Religion


You were on level 1 of the Abyss.
You worshipped Qazlal.
Qazlal was most pleased with you.
You were very hungry.

You visited 1 branch of the dungeon, and saw 8 of its levels.
You visited the Abyss 1 time.
You also visited: Sewer.

You collected 554 gold pieces.

Inventory:

Hand Weapons
 a - a +0 war axe
 b - a +1 hand axe of electrocution (weapon)
Armour
 c - a +0 shield
 m - a +1 large shield (worn)
 q - a cursed +0 chain mail
 x - a +2 pair of gloves (worn)
 C - a +0 pair of boots (worn)
 E - a +0 scale mail
 H - a +0 chain mail (worn)
Jewellery
 s - a ring of resist corrosion (left hand)
 z - a +3 ring of protection {unknown}
 A - an amulet of regeneration (around neck)
 D - a ring of protection from fire (right hand)
Wands
 v - a wand of disintegration (5)
 G - a wand of flame (10)
Scrolls
 e - 2 scrolls of random uselessness
 h - 7 scrolls of remove curse
 i - 2 scrolls of identify
 l - 2 scrolls of magic mapping
 n - 2 scrolls of blinking
 p - a scroll of brand weapon {unknown}
 r - 3 scrolls of immolation
 t - 4 scrolls of fog
 y - 2 scrolls of amnesia
Potions
 d - 2 potions of might
 g - 3 potions of degeneration
 j - 2 potions of lignification
 o - a potion of heal wounds
 u - 2 potions of flight
 w - 7 potions of curing
 B - 2 potions of berserk rage
 F - a potion of invisibility
Comestibles
 f - 10 rations


   Skills:
 + Level 8.9 Fighting
 + Level 9.2 Axes
 + Level 8.1 Armour
 + Level 8.0 Shields


You had 8 spell levels left.
You didn't know any spells.
Your spell library contained the following spells:

 Spells                   Type           Power        Failure   Level  Hunger
 Magic Dart               Conj           #...         100%        1    ##.....
 Searing Ray              Conj           #.....       100%        2    ###....
 Dazzling Spray           Conj/Hex       #.....       100%        3    ####...
 Force Lance              Conj/Tloc      #.......     100%        4    #####..
 Fulminant Prism          Conj/Hex       #.........   100%        4    #####..
 Iskenderun's Mystic Bla  Conj           #.......     100%        4    #####..


Dungeon Overview and Level Annotations

Branches:
Dungeon (8/15)             Temple (0/1) D:5
   Lair: D:8-11

Altars:
Cheibriados
Dithmenos
Elyvilon
Gozag
Hepliaklqana
Kikubaaqudgha
Makhleb
Okawaru
Qazlal
Trog
Vehumet
Wu Jian
Xom

Annotations:
D:8 Psyche


Innate Abilities, Weirdness & Mutations

[You are sometimes teleported next to monsters.]


Message History

You feel the power of the Abyss delaying your translocation!
The large abomination hits you!!
* * * LOW HITPOINT WARNING * * *
The flying skull hits you.
* * * LOW HITPOINT WARNING * * *
You feel much better. You block the flying skull's attack.
The large abomination completely misses you.
A flayed ghost comes into view.
The flying skull hits you but does no damage.
You block the large abomination's attack.
The large abomination barely misses you.
A spiny frog zombie comes into view.
You block the flying skull's attack.
A ynoxinul comes into view.
The ynoxinul bellows!
The spiny frog zombie hits you!
* * * LOW HITPOINT WARNING * * *
The ynoxinul gestures at you. The iron shot hits you!!
You die...

# #..#.....
#.W#### #.#
..#....#....#
#.#### ###..# #
.....###...ยง.#
.. ##.#...#xx##
##...
#..#...#.3#
#...#
#...#.#....#
#.X###3...#
#...z@Z#.#
#.#..#..#.#
#######.... .
##.... ..# ..#
. ##


You could see a large abomination, a ynoxinul, a flying skull and a spiny frog
zombie.

Vanquished Creatures
  A hippogriff (D:7)
  Sigmund (D:6)
  A water moccasin (D:8)
  2 sky beasts
  5 ogres
  2 phantoms (D:7)
  A centaur (D:5)
  4 big kobolds (Sewer)
  5 bullfrogs
  A wyvern zombie (D:6)
  A scorpion (D:4)
  2 killer bees (D:8)
  A wight (D:8)
  3 bullfrog zombies
  A centaur zombie (D:6)
  3 jellies
  2 hounds
  An orc priest (D:5)
  4 iguanas
  An iron imp (D:5)
  Jessica (D:3)
  2 bullfrog skeletons (D:6)
  3 worker ants
  Ijyb (D:3)
  2 orc wizards
  A killer bee zombie (D:6)
  A hound skeleton (D:7)
  2 hound zombies
  A howler monkey zombie (D:6)
  A worker ant zombie (D:7)
  6 adders
  An ooze (Sewer)
  2 worms
  2 adder skeletons
  An adder zombie (D:6)
  2 dart slugs
  8 leopard geckos
  14 orcs
  9 bats
  4 giant cockroaches
  7 goblins
  5 hobgoblins
  14 jackals
  18 kobolds
  2 quokkas
  5 ball pythons
  2 frilled lizards
  2 leopard gecko skeletons
  A leopard gecko zombie (D:5)
  14 rats
176 creatures vanquished.

Notes
Turn   | Place    | Note
-------+----------+-------------------------------------------
     0 | D:1      | Blackhawk the Hill Orc Fighter began the quest for the Orb.
     0 | D:1      | Reached XP level 1. HP: 19/19 MP: 1/1
   105 | D:1      | You fall through a shaft!
   115 | D:2      | Reached skill level 3 in Axes
   115 | D:2      | Reached XP level 2. HP: 26/27 MP: 2/2
   866 | D:2      | Found a shimmering altar of Xom.
   876 | D:2      | Reached XP level 3. HP: 28/33 MP: 3/3
  1166 | D:2      | Found an opulent altar of Gozag.
  1405 | D:2      | Reached XP level 4. HP: 24/41 MP: 4/4
  1889 | D:3      | Found a shadowy altar of Dithmenos.
  1918 | D:3      | Reached skill level 4 in Axes
  1924 | D:3      | Reached XP level 5. HP: 34/47 MP: 5/5
  2035 | D:3      | Noticed Jessica
  2049 | D:3      | Killed Jessica
  2122 | D:3      | Noticed Ijyb
  2134 | D:3      | Killed Ijyb
  2426 | D:3      | Found a white marble altar of Elyvilon.
  2501 | D:3      | Found a stormy altar of Qazlal.
  2511 | D:3      | Became a worshipper of Qazlal Stormbringer
  2917 | D:4      | Noticed an ogre
  2936 | D:4      | Reached skill level 5 in Fighting
  2936 | D:4      | Reached XP level 6. HP: 30/56 MP: 6/6
  3188 | D:4      | Found an ornate altar of the Wu Jian Council.
  3231 | D:4      | Reached skill level 5 in Axes
  3295 | D:4      | Reached skill level 5 in Armour
  3295 | D:4      | Reached skill level 5 in Shields
  3295 | D:4      | Reached XP level 7. HP: 44/61 MP: 7/7
  3494 | D:4      | Found a bloodstained altar of Trog.
  3495 | D:4      | Found an iron altar of Okawaru.
  3694 | D:5      | Entered Level 5 of the Dungeon
  3712 | D:5      | Found a staircase to the Ecumenical Temple.
  3813 | D:5      | Found a burning altar of Makhleb.
  4127 | D:5      | Reached skill level 6 in Axes
  4402 | D:5      | Reached XP level 8. HP: 45/71 MP: 8/8
  4447 | D:5      | Found a snail-covered altar of Cheibriados.
  4493 | D:5      | Reached * piety under Qazlal
  4764 | D:6      | Found a glowing drain.
  4784 | Sewer    | Entered a sewer
  4980 | Sewer    | Reached skill level 7 in Axes
  5013 | Sewer    | Reached ** piety under Qazlal
  5190 | D:6      | Noticed Sigmund
  5232 | D:6      | Killed Sigmund
  5232 | D:6      | Reached XP level 9. HP: 31/80 MP: 9/9
  5356 | D:6      | Found a radiant altar of Vehumet.
  5580 | D:6      | Found an ancient bone altar of Kikubaaqudgha.
  5581 | D:6      | Found a radiant altar of Vehumet.
  5796 | D:7      | Reached skill level 8 in Axes
  6345 | D:7      | Reached skill level 9 in Axes
  6524 | D:7      | Found a hazy altar of Hepliaklqana.
  6765 | D:8      | Reached *** piety under Qazlal
  6836 | D:8      | Noticed Psyche
  6846 | D:8      | Cast into level 1 of the Abyss (Psyche)
  6899 | Abyss:1  | Noticed a smoke demon
  6919 | Abyss:1  | Noticed a sixfirhy
  6937 | Abyss:1  | Noticed a wretched star
  6986 | Abyss:1  | Noticed a meliai
  6986 | Abyss:1  | a golden eye changed into a meliai
  7008 | Abyss:1  | a meliai changed into a yak
  7035 | Abyss:1  | Noticed a queen bee
  7080 | Abyss:1  | Noticed an apocalypse crab
  7080 | Abyss:1  | Noticed a starcursed mass
  7122 | Abyss:1  | Noticed a large abomination
  7122 | Abyss:1  | Noticed a smoke demon
  7124 | Abyss:1  | Noticed a wretched star
  7125 | Abyss:1  | HP: 3/82 [large abomination (25)]
  7125 | Abyss:1  | HP: 1/82 [flying skull (2)]
  7126 | Abyss:1  | Noticed a flayed ghost
  7130 | Abyss:1  | Killed from afar by a ynoxinul

Skill      XL: |  1  2  3  4  5  6  7  8  9 |
---------------+----------------------------+-----
Axes           | 3 4 5 6 7 9 |  9.2
Fighting       | 4 5 6 7 8 |  8.9
Armour         | 4 5 7 8 |  8.1
Shields        | 4 5 6 8 |  8.0

Action                   |  1- 3 |  4- 6 |  7- 9 || total
-------------------------+-------+-------+-------++-------
Melee: War axe           |   142 |   143 |   114 ||   399
       Hand axe          |       |       |   302 ||   302
  Use: Potion            |       |       |     5 ||     5
       Scroll            |       |       |    22 ||    22
  Eat: Chunk             |     2 |     6 |    12 ||    20
Armor: Scale mail        |    72 |    63 |    94 ||   229
       Chain mail        |       |       |    88 ||    88
Dodge: Dodged            |    43 |    26 |    69 ||   138
Block: Shield            |    40 |       |       ||    40
       Large shield      |    68 |   127 |   414 ||   609
